 Dungeon Crawl Stone Soup version 0.30-a0-632-g346586fe48 (webtiles) character file.

Game seed: 12894223739820641354

46 IdlyInterested the Trooper (level 3, 0/29 HPs)
             Began as a Demonspawn Fighter on Jan 13, 2023.
             Slain by a ball python (1 damage)
             ... on level 3 of the Dungeon.
             The game lasted 00:04:51 (1672 turns).

IdlyInterested the Trooper (Demonspawn Fighter)     Turns: 1672, Time: 00:04:52

Health: 0/29       AC:  8    Str: 16    XL:     3   Next: 44%
Magic:  3/3        EV:  5    Int:  9    God:
Gold:   103        SH:  4    Dex: 14    Spells: 2/2 levels left

rFire   x . .      SeeInvis .    a - +0 trident
rCold   . . .      Faith    .    c - +0 buckler
rNeg    . . .      Spirit   .    b - +0 scale mail
rPois   .          Reflect  .    (helmet restricted)
rElec   .          Harm     .    (no cloak)
rCorr   .          Rampage  .    k - +0 pair of gloves
Will    .....                    (no boots) Stlth
                                 (no amulet)
HPRegen 0.24/turn                (no ring)
MPRegen 0.08/turn                (no ring)

@: constricted
A: horns 1, sharp scales 1, mutation resistance 1, heat vulnerability 1
a: no special abilities


You were on level 3 of the Dungeon.
You visited 1 branch of the dungeon, and saw 3 of its levels.

You collected 103 gold pieces.

Inventory:

Hand Weapons
 a - a +0 trident (weapon)
Armour
 b - a +0 scale mail (worn)
 c - a +0 buckler (worn)
 k - a +0 pair of gloves (worn)
Jewellery
 o - an amulet of faith
Scrolls
 e - a scroll of blinking {unknown}
 f - a scroll of magic mapping {unknown}
 h - a scroll of teleportation {unknown}
 j - 2 scrolls of identify {unknown}
 l - 2 scrolls of fog {unknown}
 m - a scroll of noise {unknown}
Potions
 d - a potion of might
 g - a potion of curing {unknown}
 i - a potion of lignification {unknown}
 n - a potion of mutation


   Skills:
 + Level 3.3 Fighting
 * Level 2.8 Polearms
 * Level 0.6 Throwing
 - Level 3.0 Armour
 - Level 2.6 Shields


You had 2 spell levels left.
You didn't know any spells.
Your spell library contained the following spells:

 Spells                   Type           Power      Damage    Failure   Level
 Scorch                   Fire           0%         2d5       96%         2
 Animate Dead             Necr           0%         N/A       100%        4
 Flame Wave               Conj/Fire      0%         2d4       100%        4
 Fireball                 Conj/Fire      0%         3d3       100%        5
 Iskenderun's Battlesphe  Conj           0%         2d6       100%        5
 Conjure Ball Lightning   Conj/Air       0%         3x3d6     100%        6
 Summon Cactus Giant      Summ           0%         N/A       100%        6
 Haunt                    Necr/Summ      0%         N/A       100%        7
 Orb of Destruction       Conj           0%         9d5       100%        7
 Infestation              Necr           0%         N/A       100%        8


Dungeon Overview and Level Annotations

Branches:
Dungeon (3/15)

Altars:


Innate Abilities, Weirdness & Mutations

You have a pair of small horns on your head.
You are partially covered in razor-sharp scales. (AC +1, Slay +1)
You are somewhat resistant to further mutation.
You are vulnerable to heat. (rF-)


Message History

Press: ? - help, Dir - move target, f/p - gnoll
Aim: a gnoll, wielding a +0 spear (moderately wounded, about 36% to evade your +0 trident)
You reach to attack!
You closely miss the gnoll.
The gnoll is moderately wounded.
You block the bat's attack.
The ball python bites you but does no damage.
The ball python grabs you. The ball python constricts you.
The gnoll hits you with a +0 club.
* * * LOW HITPOINT WARNING * * *
The gnoll barely misses you.
The ball python bites you but does no damage.
The ball python constricts you. The gnoll barely misses you.
The gnoll hits you from afar with a +0 spear.
* * * LOW HITPOINT WARNING * * *
Reach: a) +0 trident
Press: ? - help, Dir - move target, f/p - gnoll
Aim: a gnoll, wielding a +0 spear (moderately wounded, about 36% to evade your +0 trident)
You reach to attack!
You hit the gnoll.
The gnoll is severely wounded.
The ball python barely misses you. The ball python constricts you.
The ball python bites you but does no damage.
The gnoll hits you from afar with a +0 spear.
* * * LOW HITPOINT WARNING * * *
The gnoll hits you but does no damage.
Reach: a) +0 trident
Press: ? - help, Dir - move target, f/p - gnoll
Aim: a gnoll, wielding a +0 spear (severely wounded, about 36% to evade your +0 trident)
The gnoll is in the way.
You hit the gnoll.
The gnoll is heavily wounded.
The ball python bites you but does no damage.
The ball python constricts you.
The ball python bites you but does no damage.
The gnoll barely misses you. You block the gnoll's attack.
The ball python bites you but does no damage.
The ball python constricts you.
Unknown command.
It was a potion of mutation.
You feel extremely strange.
You feel genetically stable.
You feel vulnerable to heat. The ball python bites you.
You die...

. #......... #### #.
#.#####>## ..$.# #.#
###.###.g.#
.....##..####....†g.###
...... #......##.####
......####.g..)..#
..........).######
......S###..#
.....bS@ggg.#
.....g#####.# ..... #.#
.... #.. ... ##:# .. ..
. ##.


You could see 3 gnolls, a hobgoblin, a bat and 2 ball pythons.

Vanquished Creatures
  An adder (D:2)
  An orc (D:3)
  3 ball pythons (D:2)
  3 bats
  6 endoplasms
  4 hobgoblins (D:2)
  A quokka (D:2)
  2 frilled lizards (D:3)
  4 goblins
  4 kobolds
  3 rats (D:1)
32 creatures vanquished.

Vanquished Creatures (others)
  A fungus (D:2)
  A plant (D:2)
2 creatures vanquished.

Grand Total: 34 creatures vanquished

Notes
Turn   | Place    | Note
-------+----------+-------------------------------------------
     0 | D:1      | IdlyInterested the Demonspawn Fighter began the quest for
                  | the Orb.
     0 | D:1      | Reached XP level 1. HP: 18/18 MP: 1/1
   336 | D:1      | Gained mutation: You are partially covered in razor-sharp
                  | scales. (AC +1, Slay +1) [demonic ancestry]
   336 | D:1      | Reached XP level 2. HP: 24/24 MP: 2/2
   747 | D:2      | Gained mutation: You have a pair of small horns on your
                  | head. [demonic ancestry]
   747 | D:2      | Reached XP level 3. HP: 29/29 MP: 3/3
   920 | D:2      | Found a faded altar of an unknown god.
  1669 | D:3      | HP: 1/29 [gnoll/+0 spear (4)]
  1672 | D:3      | Gained mutation: You are somewhat resistant to further
                  | mutation. [potion of mutation]
  1672 | D:3      | Gained mutation: You are vulnerable to heat. (rF-) [potion
                  | of mutation]
  1672 | D:3      | Slain by a ball python

Illustrated notes

Levels and vault maps discovered:
D:1:      lemuel_arrival_broad_hall, layout_loops_ring, serial_glass,
          glass_columns_b, glass_columns_b
D:2:      layout_basic, shapermc_ecumenical_altar_mp_ritualfount
D:3:      layout_rooms

Skill      XL: |  1  2 |
---------------+-------+-----
Polearms       | 2 |  2.8
Armour         | 3 |  3.0
Fighting       | |  3.3
Throwing       | |  0.6
Shields        | |  2.6

Action                   || total
-------------------------++-------
Melee: Trident           ||    78
       Headbutt          ||     3
Throw: Stone             ||    21
  Use: Potion            ||     1
Armor: Scale mail        ||    48
Dodge: Dodged            ||    27
Block: Buckler           ||    16

Table legend: (Time is in decaauts)
 A = Elapsed time spent in this place.
 B = Non-inter-level travel time spent in this place.
 C = Inter-level travel time spent in this place.
 D = Time resting spent in this place.
 E = Time spent auto-exploring this place.
 F = Levels seen in this place.
 G = Mean time per level.
                   A        B        C        D        E       F      G
               +--------+--------+--------+--------+--------+-----+--------+
         Total |   1694 |   1378 |    316 |      0 |   1045 |   3 |  564.7 |
       Dungeon |   1694 |   1378 |    316 |      0 |   1045 |   3 |  564.7 |
               +--------+--------+--------+--------+--------+-----+--------+

Top non-repeatable levels by time:
     D:1: 823 daAuts
     D:2: 797 daAuts
     D:3: 73 daAuts
